 Dungeon Crawl Stone Soup version 0.19-a0-659-g8260ecf (webtiles) character file.

2188 Ijustatesigmund the Fighter (level 9, 0/82 HPs)
             Began as a Hill Orc Fighter on June 15, 2016.
             Was a Follower of Okawaru.
             Slain by an orc warrior
             ... wielding a +0 halberd
              (25 damage)
             ... while paralysed by Pikel
             ... on level 7 of the Dungeon.
             The game lasted 00:16:41 (6325 turns).

Ijustatesigmund the Fighter (Hill Orc Fighter)      Turns: 6325, Time: 00:16:41

Health: 0/82       AC:  6    Str: 19    XL:     9   Next: 33%
Magic:  7/9        EV:  2    Int:  8    God:    Okawaru [*.....]
Gold:   146        SH:  0    Dex: 18    Spells: 0 memorised, 8 levels left

rFire  + . .     SeeInvis +     a - +1 war axe
rCold  . . .     Gourm    .     y - +2 robe {rF+}
rNeg   . . .     Faith    .     c - +1 shield
rPois  .         Spirit   .     (no helmet)
rElec  .         Dismiss  .     (no cloak)
rCorr  .         Reflect  .     x - +0 pair of gloves
SustAt .         Harm     .     (no boots)
MR     .....     Rnd*Tele +     (no amulet)
Stlth  ++++......               r - ring of teleportation (curse)
                                j - ring of see invisible

@: paralysed, agile, heroism, not resistant to hostile enchantments, stealthy
A: no striking features
a: Heroism, Renounce Religion


You were on level 7 of the Dungeon.
You worshipped Okawaru.
Okawaru was aware of your devotion.
You were hungry.

You visited 1 branch of the dungeon, and saw 7 of its levels.
You also visited: Sewer.

You collected 409 gold pieces.
You spent 263 gold pieces at shops.

Inventory:

Hand Weapons
 a - a +1 war axe (weapon)
Missiles
 o - 5 tomahawks (quivered)
Armour
 c - a +1 shield (worn)
 x - a +0 pair of gloves (worn)
 y - a +2 robe of fire resistance (worn)
Jewellery
 j - a ring of see invisible (left hand)
 r - a cursed ring of teleportation (right hand)
Wands
 b - a wand of iceblast (4/15)
 t - a wand of polymorph (24/24)
Scrolls
 h - 3 scrolls of blinking
 k - 4 scrolls of teleportation
 p - 3 scrolls of recharging
Potions
 d - a potion of might
 e - 2 potions of agility
 i - 4 potions of flight
 l - a potion of curing
 n - a potion of haste
 q - 3 potions of invisibility
 s - 2 potions of lignification
 u - a potion of cure mutation {unknown}
Books
 w - a book of Unlife

   Spells                             Type                      Level
   a - Recall                         Summoning/Translocation      3
   b - Animate Dead                   Necromancy                   4
   c - Control Undead                 Necromancy                   4
   d - Cigotuvi's Embrace             Necromancy                   5
   e - Death Channel                  Necromancy                   6
   f - Simulacrum                     Ice/Necromancy               6
Comestibles
 f - 5 bread rations
 g - a meat ration


   Skills:
 + Level 8.3(13.3) Fighting
 - Level 8.1(13.1) Axes
 + Level 7.6(12.6) Armour
 - Level 7.1(12.1) Shields


You had 8 spell levels left.
You didn't know any spells.

Dungeon Overview and Level Annotations

Branches:
Dungeon (7/15)             Temple (0/1) D:4

Altars:
Fedhas
Makhleb
Okawaru
Pakellas
Ru
Xom

Shops:
D:4 ?%?   D:6 %}=(

Annotations:
D:7 Pikel


Message History

You gain the combat prowess of a mighty hero.
Pikel zaps a wand.
You easily resist.
It is a wand of paralysis.
You feel agile all of a sudden. Pikel hits you but does no damage.
The slave shouts!
You slash Pikel!
Pikel is moderately wounded.
You hit the slave but do no damage.
You hear a shout!
You hear an angry hiss.
Pikel closely misses you. You block the slave's attack.
You closely miss Pikel.
Pikel is moderately wounded.
You closely miss the slave. You barely miss the slave.
Pikel zaps a wand.
You suddenly lose the ability to move!
The slave hits you. x2
The slave hits you but does no damage. Pikel hits you with a whip of flaming.
The slave hits you. The slave hits you but does no damage. The slave hits you.
Pikel zaps a wand.
You shrug off the repeated paralysis!
The slave hits you but does no damage. The slave hits you!
The orc warrior hits you from afar with a halberd!!
You die...

#........# ###...###..
#........####..........
#........##r.p.........
#........p.K##.........
#........>p............
#.......p#####.........
#......................
#.....%..Kopr..........
#.........@po.l......##
.............po.##.#####
#..(....##.#.........
#.......##.#.#######.
#.....####?#'# #.....
#p.. ..... #... ## #...


You could see Pikel, an orc warrior, 4 slaves, an iguana, 2 orcs and a quokka.

Vanquished Creatures
  Sigmund (D:5)
  Eustachio (D:4)
  The ghost of p0werm0de the Sneak, an amateur OpCK of Xom (D:4)
  Menkaure (D:6)
  An ice beast (D:6)
  2 sky beasts
  A phantom (D:4)
  A centaur (D:5)
  3 giant frogs
  A scorpion (D:5)
  2 crimson imps (D:5)
  A centaur zombie (D:4)
  2 giant frog zombies (D:6)
  2 hounds
  A giant frog skeleton (D:4)
  2 orc priests (D:4)
  Terence (D:3)
  2 iguanas
  4 orc wizards (D:4)
  5 worker ants
  A worker ant zombie (D:5)
  Robin (D:3)
  7 adders
  7 gnolls
  A river rat (D:3)
  8 oozes
  An adder zombie (D:5)
  5 worms
  2 dart slugs
  4 giant geckos
  10 orcs
  13 giant cockroaches
  16 goblins
  16 hobgoblins
  9 jackals
  7 kobolds
  A quokka (D:5)
  16 bats
  5 giant newts
  A jackal skeleton (D:6)
  8 rats
174 creatures vanquished.

Notes
Turn   | Place    | Note
--------------------------------------------------------------
     0 | D:1      | Ijustatesigmund the Hill Orc Fighter began the quest for the Orb.
     0 | D:1      | Reached XP level 1. HP: 19/19 MP: 1/1
   183 | D:1      | Reached XP level 2. HP: 25/26 MP: 2/2
   468 | D:2      | Reached XP level 3. HP: 30/31 MP: 3/3
   648 | D:2      | Reached skill level 5 in Axes
   680 | D:2      | Found a sacrificial altar of Ru.
  1096 | D:2      | Reached XP level 4. HP: 27/39 MP: 4/4
  1318 | D:3      | Noticed Terence
  1349 | D:3      | Killed Terence
  1437 | D:3      | Reached XP level 5. HP: 18/45 MP: 5/5
  1472 | D:3      | Found a burning altar of Makhleb.
  1528 | D:3      | Noticed Robin
  1544 | D:3      | Killed Robin
  1961 | D:3      | Found a glowing drain.
  1965 | Sewer    | Entered a sewer
  2539 | Sewer    | Reached XP level 6. HP: 51/51 MP: 6/6
  2870 | D:4      | Noticed a phantom
  2870 | D:4      | Noticed p0werm0de's ghost (amateur OpCK)
  2908 | D:4      | Killed p0werm0de's ghost
  2910 | D:4      | Killed a phantom
  2910 | D:4      | Reached XP level 7. HP: 18/60 MP: 7/7
  3313 | D:4      | Found an oddly glowing altar of Pakellas.
  3315 | D:4      | Found an iron altar of Okawaru.
  3321 | D:4      | Became a worshipper of Warmaster Okawaru
  3460 | D:4      | Noticed Eustachio
  3473 | D:4      | Reached skill level 5 in Fighting
  3505 | D:4      | Found Padyruav's Magic Scroll Boutique.
  3527 | D:4      | Killed Eustachio
  3527 | D:4      | Reached skill level 5 in Armour
  3527 | D:4      | Reached skill level 5 in Shields
  3546 | D:4      | Bought a scroll of teleportation for 39 gold pieces
  3546 | D:4      | Bought a scroll of fear for 45 gold pieces
  3546 | D:4      | Bought a scroll of identify for 26 gold pieces
  3546 | D:4      | Bought a scroll of blinking for 97 gold pieces
  3748 | D:4      | Found Optoppic's Food Boutique.
  3858 | D:4      | Reached XP level 8. HP: 64/70 MP: 8/8
  3947 | D:4      | Found Quhes's Magic Scroll Emporium.
  3990 | D:4      | Bought a scroll of identify for 28 gold pieces
  3990 | D:4      | Bought a scroll of identify for 28 gold pieces
  4037 | D:4      | Found a shimmering altar of Xom.
  4251 | D:4      | Found a staircase to the Ecumenical Temple.
  4506 | D:5      | Entered Level 5 of the Dungeon
  4625 | D:5      | Found a blossoming altar of Fedhas.
  4683 | D:5      | Noticed Sigmund
  4703 | D:5      | Killed Sigmund
  4703 | D:5      | Reached * piety under Okawaru
  5208 | D:6      | Noticed Menkaure
  5321 | D:6      | Found Tan Weqy's Antique Weapon Shop.
  5425 | D:6      | Found Zeni's Jewellery Emporium.
  5451 | D:6      | Reached XP level 9. HP: 47/79 MP: 6/9
  5454 | D:6      | Killed Menkaure
  5821 | D:6      | Found Ymiricua's Gadget Boutique.
  6206 | D:6      | Found Fycazoty's Food Emporium.
  6273 | D:7      | Noticed Pikel
  6323 | D:7      | Paralysed by Pikel for 4 turns
  6325 | D:7      | Slain by an orc warrior

Vault maps used:
D:1:      dpeg_arrival_court
D:2:      kennysheep_big_flooded_room, overflow_temple_1_default
D:3:      nicolae_overflow_hidden_temple, gup_sewer_entry_spiral, uniq_robin,
          uniq_terence
D:4:      old_standard_altar, old_standard_altar, temple_doors_e, serial_shops,
          nicolae_shop_statue_plus, shop, nicolae_shop_crystal, first_bread,
          okawaru_metal_pillars_1_2, uniq_eustachio
D:5:      serial_glass, glass_columns_c, glass_columns_b, basic_altar,
          corexii_shack, uniq_sigmund
D:6:      serial_shops, shop, nicolae_shop_trees, shop, kennysheep_mini_moat,
          uniq_menkaure
D:7:      old_forge, the_bakery, uniq_pikel
Sewer:    sewer_fruit_machine

Skill      XL: |  1  2  3  4  5  6  7  8  9 |
---------------+----------------------------+-----
Axes           | 3 4 5 6 8 |  8.1
Fighting       | 4 5 7 8 |  8.3
Armour         | 4 5 6 7 |  7.6
Shields        | 4 5 6 7 |  7.1

Action                   |  1- 3 |  4- 6 |  7- 9 || total
-------------------------+-------+-------+-------++-------
Melee: War axe           |   109 |   193 |   298 ||   600
Throw: Tomahawk          |       |     3 |     1 ||     4
Invok: Heroism           |       |       |     3 ||     3
  Use: Scroll            |     5 |     4 |    12 ||    21
       Potion            |       |     6 |     4 ||    10
  Eat: Chunk             |     1 |     3 |     7 ||    11
       Fruit             |       |     5 |       ||     5
       Beef jerky        |       |       |     2 ||     2
Armor: Scale mail        |    54 |    68 |    94 ||   216
       Robe              |       |       |    42 ||    42
Dodge: Dodged            |    36 |    64 |   143 ||   243
Block: Shield            |    60 |   104 |   214 ||   378
